 Dungeon Crawl Stone Soup version 0.30.1 (webtiles) character file.

Game seed: 17813179060440041660

1571 Graphine the Gusty (level 9, -3/65 HPs)
             Began as a Human Air Elementalist on July 9, 2023.
             Was an Elder of Jiyva.
             Slain by a hornet (9 damage)
             ... while paralysed by a hornet
             ... on level 6 of the Dungeon.
             The game lasted 00:16:36 (4729 turns).

Graphine the Gusty (Human Air Elementalist)         Turns: 4729, Time: 00:16:36

Health: -3/65      AC:  3    Str:  7    XL:     9   Next: 13%
Magic:  4/15       EV:  2    Int: 21    God:    Jiyva [****..]
Gold:   322        SH:  0    Dex: 20    Spells: 5/16 levels left

rFire   . . .        j - +7 Throatcutter {drain, coup de grace}
rCold   . . .        (no shield)
rNeg    . . .        a - +0 robe
rPois   .            (no helmet)
rElec   .            (no cloak)
rCorr   +            k - +0 pair of gloves
SInv    .            (no boots)
Will    .....        i - amulet of regeneration
Stlth   +++          l - ring of wizardry
HPRegen 2.38/turn    (no ring)
MPRegen 0.54/turn

%: wizardry (x1)
@: paralysed, lethally poisoned (-3 -> -4), swift, quick
A: agile 2, clever 1, translucent skin 1, tendrils
a: Renounce Religion, Oozemancy, Slimify


You were on level 6 of the Dungeon.
You worshipped Jiyva.
Jiyva was greatly pleased with you.
You visited 1 branch of the dungeon, and saw 6 of its levels.

You collected 322 gold pieces.

Inventory:

Hand Weapons
 b - a +4 dagger of venom
 j - the +7 Throatcutter (weapon) {drain, coup de grace}
   (You found it on level 3 of the Dungeon)
 s - a +3 short sword of protection
Armour
 a - a +0 robe (worn)
 k - a +0 pair of gloves (worn)
 u - a +0 buckler
 w - a +1 leather armour of cold resistance
Jewellery
 i - an amulet of regeneration (around neck)
 l - a ring of wizardry (left hand)
Wands
 v - a wand of flame (14)
Scrolls
 e - a scroll of vulnerability
 x - a scroll of fog
 y - a scroll of silence
 z - a scroll of immolation
Potions
 c - a potion of haste
 d - 2 potions of heal wounds
 f - a potion of attraction
 g - 3 potions of curing
 h - 2 potions of ambrosia
 m - a potion of resistance
 o - 2 potions of mutation
 p - a potion of brilliance
 q - a potion of berserk rage
 r - a potion of lignification {unknown}
 t - 2 potions of degeneration {unknown}


   Skills:
 + Level 3.9 Fighting
 + Level 4.4 Dodging
 - Level 2.0 Stealth
 + Level 4.1 Spellcasting
 * Level 5.9 Conjurations
 * Level 6.4 Air Magic


You had 5 spell levels left.
You knew the following spells:

 Your Spells              Type           Power      Damage    Failure   Level
a - Shock                 Conj/Air       100%       1d9       1%          1
b - Static Discharge      Conj/Air       60%        2-5/arc   1%          2
c - Swiftness             Air            31%        N/A       1%          3
d - Arcjolt               Conj/Air       15%        1d25      11%         5

Your spell library contained the following spells:

 Spells                   Type           Power      Damage    Failure   Level
 Airstrike                Air            15%        2d(3-19)  3%          4
 Sandblast                Erth           8%         2d5       4%          1
 Stone Arrow              Conj/Erth      32%        3d9       4%          3
 Vhi's Electric Charge    Tloc/Air       34%        N/A       4%          3
 Passwall                 Tmut/Erth      3%         N/A       8%          2
 Volatile Blastmotes      Fire/Tloc      8%         2d10      14%         3
 Fulminant Prism          Conj/Hex       8%         3d6       14%         4
 Iskenderun's Mystic Bla  Conj/Tloc      16%        2d5       14%         4
 Lee's Rapid Deconstruct  Erth           2%         3d4*      75%         5
 Simulacrum               Ice/Necr       2%         N/A       99%         6
 Ozocubu's Refrigeration  Ice            2%         4d7       100%        7
 Maxwell's Capacitive Co  Air            15%        ∞         100%        8
 Polar Vortex             Ice            2%         N/A       100%        9


Dungeon Overview and Level Annotations

Branches:
Dungeon (6/15)             Temple (0/1) D:5

Altars:
Ashenzari
Qazlal
Ru
Zin
Jiyva

Shops:
D:1 !   D:2 ?

Annotations:
D:6 1 transporter


Innate Abilities, Weirdness & Mutations

You are very agile. (Dex +8, Str/Int -2)
Your mind is acute. (Int +4, Str/Dex -1)
Your translucent skin slightly reduces your foes' accuracy. (Stealth+)
You are covered in slimy tendrils that may disarm your opponents.


Message History

Casting: Arcjolt (dangerous; 11% risk of failure)
Confirm with . or Enter, or press ? or * to list all spells.
Electricity surges outward!
The killer bee is struck by an electric surge.
The killer bee is moderately wounded.
The killer bee is struck by an electric surge.
The killer bee is lightly wounded.
The hornet is struck by an electric surge!!
The hornet is heavily wounded.
You feel very sick.
The killer bee stings you but does no damage.
The killer bee stings you.
You are more poisoned.
The killer bee poisons you!
Casting: Arcjolt (dangerous; 11% risk of failure)
Confirm with . or Enter, or press ? or * to list all spells.
Electricity surges outward!
The killer bee is struck by an electric surge!!
You kill the killer bee!
The killer bee is struck by an electric surge.
The killer bee is moderately wounded.
The hornet is struck by an electric surge.
The hornet is severely wounded.
You feel very sick. The killer bee stings you.
Casting: Arcjolt (dangerous; 11% risk of failure)
Confirm with . or Enter, or press ? or * to list all spells.
You feel quick.
You feel very sick. The killer bee barely misses you. The hornet stings you!
* * * LOW HITPOINT WARNING * * *
You suddenly lose the ability to move!
The killer bee barely misses you. The hornet stings you.
* * * LOW HITPOINT WARNING * * *
You shrug off the repeated paralysis!
You feel very sick. The killer bee stings you.
* * * LOW HITPOINT WARNING * * *
The hornet stings you!
You die...

...##......##.#..##..##.####.....
...##............................
...#..............#..##.####..###
##.#.#####.##.#...#..##.####..# #
#............................###
##.#.#####.####...#........#.....
...............JJ................
##...###..#############..........
.....##..#####.†@y.#####..##..###
........###...#††y#.#.###.##..###
........##..#..###!.#..##........
........###...#. .#..!###........
........J#####. #..#####.........
###.....###.#.#...#...###.....###
#.......##y.#..###..#.y##.#.#.###
........###yy.#...#...###........
........J#####yyy=.#####....#.###


You could see a hornet, a killer bee and 2 neutral jellies (fellow slime).

Vanquished Creatures
  The ghost of nordom the Conjurer, a novice DECj (D:6)
  A water moccasin (D:6)
  A phantom (D:4)
  3 kobold brigands
  Blork the orc (D:6)
  2 scorpions
  6 killer bees (D:6)
  5 hounds
  An orc priest (D:6)
  A gnoll bouda (D:6)
  2 iguanas (D:5)
  An orc wizard (D:6)
  5 gnolls (D:6)
  9 adders
  3 worms
  4 dart slugs (D:1)
  11 orcs
  6 ball pythons
  4 bats
  8 endoplasms
  11 goblins
  3 hobgoblins
  6 jackals
  20 kobolds
  2 quokkas (D:1)
  3 frilled lizards
  5 rats (D:1)
125 creatures vanquished.

Vanquished Creatures (others)
  A scorpion (D:6)
  A hound (D:5)
  A jackal (D:5)
3 creatures vanquished.

Grand Total: 128 creatures vanquished

Notes
Turn   | Place    | Note
-------+----------+-------------------------------------------
     0 | D:1      | Graphine the Human Air Elementalist began the quest for the
                  | Orb.
     0 | D:1      | Reached XP level 1. HP: 13/13 MP: 3/3
   114 | D:1      | Reached XP level 2. HP: 17/19 MP: 1/5
   190 | D:1      | Learned a level 2 spell: Static Discharge
   325 | D:1      | Reached XP level 3. HP: 25/25 MP: 2/6
   333 | D:1      | Learned a level 3 spell: Swiftness
   599 | D:1      | Found Yttiprecea's Distillery.
   954 | D:2      | Reached skill level 1 in Fighting
   954 | D:2      | Reached XP level 4. HP: 32/32 MP: 2/7
  1241 | D:2      | Found Daetaif's Magic Scroll Shop.
  1702 | D:3      | Reached XP level 5. HP: 34/37 MP: 8/8
  1834 | D:3      | Found the +7 Throatcutter {drain, coup de grace}
  1834 | D:3      | Noticed a kobold brigand
  1834 | D:3      | Noticed a kobold brigand
  1923 | D:3      | Killed a kobold brigand
  1924 | D:3      | Reached skill level 4 in Air Magic
  1998 | D:3      | Killed a kobold brigand
  1999 | D:3      | Reached XP level 6. HP: 23/44 MP: 4/10
  2332 | D:4      | Reached XP level 7. HP: 50/50 MP: 11/11
  2378 | D:4      | Learned a level 5 spell: Arcjolt
  2959 | D:4      | Found a glowing silver altar of Zin.
  2959 | D:4      | Found a broken altar of Ashenzari.
  2968 | D:4      | Found a faded altar of an unknown god.
  2971 | D:4      | Found a sacrificial altar of Ru.
  2972 | D:4      | Found a faded altar of an unknown god.
  2983 | D:4      | Prayed at the altar of an unknown god.
  2983 | D:4      | Became a worshipper of Jiyva Juig the Shapeless
  2983 | D:4      | Reached * piety under Jiyva
  3036 | D:5      | Entered Level 5 of the Dungeon
  3036 | D:5      | Found a staircase to the Ecumenical Temple.
  3163 | D:5      | Reached skill level 5 in Air Magic
  3197 | D:5      | Gained mutation: You are weak. (Str -2) [potion of
                  | mutation]
  3197 | D:5      | Gained mutation: You have a pair of small antennae on your
                  | head. [potion of mutation]
  3198 | D:5      | Lost mutation: You are weak. (Str -2) [potion of mutation]
  3198 | D:5      | Lost mutation: You have a pair of small antennae on your
                  | head. [potion of mutation]
  3198 | D:5      | Gained mutation: Your mind is acute. (Int +4, Str/Dex -1)
                  | [potion of mutation]
  3228 | D:5      | Reached ** piety under Jiyva
  3919 | D:6      | Noticed Blork the orc
  3928 | D:6      | Killed Blork the orc
  3929 | D:6      | Reached XP level 8. HP: 32/57 MP: 9/13
  3985 | D:6      | Noticed nordom's ghost (novice DECj)
  4080 | D:6      | Reached *** piety under Jiyva
  4097 | D:6      | Gained mutation: You are agile. (Dex +4, Str/Int -1)
                  | [Jiyva's grace]
  4097 | D:6      | Gained mutation: You are very agile. (Dex +8, Str/Int -2)
                  | [Jiyva's grace]
  4097 | D:6      | Gained mutation: You are covered in slimy tendrils that may
                  | disarm your opponents. [Jiyva's grace]
  4097 | D:6      | Gained mutation: Your translucent skin slightly reduces
                  | your foes' accuracy. (Stealth+) [Jiyva's grace]
  4114 | D:6      | Reached skill level 5 in Conjurations
  4246 | D:6      | Found a transporter.
  4248 | D:6      | Found a transporter.
  4252 | D:6      | Noticed a hornet
  4347 | D:6      | Found a stormy altar of Qazlal.
  4360 | D:6      | Reached **** piety under Jiyva
  4724 | D:6      | Killed nordom's ghost
  4725 | D:6      | Reached skill level 6 in Air Magic
  4725 | D:6      | Reached XP level 9. HP: 36/65 MP: 1/15
  4728 | D:6      | Paralysed by a hornet for 2 turns
  4729 | D:6      | Slain by a hornet

Illustrated notes

Levels and vault maps discovered:
D:1:      grunt_arrival_crossed_arrows, layout_rooms, serial_shops, shop,
          minmay_tromino_v7
D:2:      layout_rooms, serial_shops, shop
D:3:      layout_rooms, dilly_guarded_unrand_throatcut
D:4:      layout_loops_ring, chequers_temple_overflow_minitemple
D:5:      layout_loops_corners, temple_statues
D:6:      layout_basic, mainiacjoe_overflow_surrounded_room,
          gammafunk_ghost_hive, kennysheep_nub, uniq_blork_the_orc

Skill      XL: |  1  2  3  4  5  6  7  8 |
---------------+-------------------------+-----
Conjurations   | 2 3 4 5 |  5.9
Fighting       | 1 2 3 |  3.9
Air Magic      | 4 5 6 |  6.4
Dodging        | 3 4 |  4.4
Spellcasting   | 3 4 |  4.1
Stealth        | |  2.0

Action                     |  1- 3 |  4- 6 |  7- 9 || total
---------------------------+-------+-------+-------++-------
  Melee: Unarmed           |    26 |       |       ||    26
         Dagger            |    20 |    37 |       ||    57
         Long sword        |       |    19 |    69 ||    88
         Punch             |       |       |     2 ||     2
   Cast: Shock             |    49 |    23 |    26 ||    98
         Static Discharge  |       |    11 |    12 ||    23
         Swiftness         |       |     2 |     1 ||     3
         Arcjolt           |       |       |     6 ||     6
    Use: Potion            |     1 |       |     4 ||     5
         Scroll            |       |    13 |     3 ||    16
   Stab: Sleeping          |       |     2 |     3 ||     5
 Armour: Robe              |     9 |    17 |    15 ||    41
  Dodge: Dodged            |    49 |    48 |    61 ||   158
